 Dungeon Crawl Stone Soup version 0.19.4-8-ga85b6b9 (webtiles) character file.

767 empire the Poker (level 7, -5/61 HPs)
             Began as a Minotaur Fighter on Feb 9, 2017.
             Killed from afar by an electric eel (14 damage)
             ... with a bolt of electricity
             ... on level 5 of the Dungeon.
             The game lasted 00:08:34 (3683 turns).

empire the Poker (Minotaur Fighter)                 Turns: 3683, Time: 00:08:35

Health: -5/61      AC: 10    Str: 22    XL:     7   Next: 52%
Magic:  6/6        EV:  7    Int:  5    God:
Gold:   198        SH: 10    Dex: 10    Spells: 0 memorised, 6 levels left

rFire  . . .     SeeInvis .     b - +5 trident
rCold  . . .     Gourm    .     V - +0 scale mail
rNeg   . . .     Faith    .     X - +0 shield
rPois  .         Spirit   .     (helmet unavailable)
rElec  .         Reflect  .     Z - +1 cloak
rCorr  .         Harm     .     W - +0 pair of gloves
MR     .....                    (no boots)
Stlth  ..........               (no amulet)
                                (no ring)
                                (no ring)

@: no status effects
A: retaliatory headbutt, horns 3, blink
a: Blink


You were on level 5 of the Dungeon.
You were not hungry.

You visited 1 branch of the dungeon, and saw 5 of its levels.

You collected 198 gold pieces.

Inventory:

Hand Weapons
 a - a +0 long sword
 b - a +5 trident (weapon)
 x - a +2 quarterstaff of chaos
Armour
 V - a +0 scale mail (worn)
 W - a +0 pair of gloves (worn)
 X - a +0 shield (worn)
 Z - a +1 cloak (worn)
Wands
 l - a wand of random effects (48/48)
Scrolls
 g - 2 scrolls of remove curse {unknown}
 o - 2 scrolls of teleportation {unknown}
 q - 2 scrolls of magic mapping {unknown}
 s - a scroll of fear {unknown}
Potions
 d - a potion of might
 i - 2 potions of curing
 j - a potion of lignification
 p - a potion of degeneration
 u - a potion of cancellation
 w - 2 potions of brilliance
Comestibles
 f - 3 bread rations
 h - a meat ration
 k - 4 fruits
 m - a chunk of flesh
 r - a beef jerky
 z - 4 mutagenic chunks of flesh


   Skills:
 + Level 5.4 Fighting
 + Level 4.4 Long Blades
 + Level 6.5 Polearms
 + Level 4.8 Armour
 + Level 5.2 Shields


You had 6 spell levels left.
You didn't know any spells.

Dungeon Overview and Level Annotations

Branches:
Dungeon (5/15)
 Temple: D:4-7

Altars:
Cheibriados
Elyvilon
Fedhas
Qazlal
Xom
The Shining One


Innate Abilities, Weirdness & Mutations

You reflexively headbutt those who attack you in melee.
You have a pair of large horns on your head.
You can translocate small distances at will.


Message History

It is a scroll of amnesia.
You feel forgetful for a moment.
As you read the scroll labeled WUGUIV NOOSS, it crumbles to dust.
It is a scroll of enchant weapon.
Your +4 trident glows red for a moment.
You open the door.
The electric eel shoots out a bolt of lightning at you!
The bolt of electricity hits the plant.
The bolt of electricity hits you!
The electric eel shoots out a bolt of lightning at you!
The bolt of electricity hits the plant.
The bolt of electricity hits you!
The electric eel shoots out a bolt of lightning at you!
The bolt of electricity hits you!
* * * LOW HITPOINT WARNING * * *
There is an open door here.
The electric eel shoots out a bolt of lightning at you!
The bolt of electricity hits the plant.
The bolt of electricity hits you!
* * * LOW HITPOINT WARNING * * *
The electric eel shoots out a bolt of lightning at you!
The bolt of electricity hits you!
You die...

#.....≈≈♣≈≈≈≈ ###########
##....♣P≈≈≈≈≈
##≈≈≈≈≈...##.####...♣≈≈≈≈≈≈
##≈########.##...#>#[P♣≈≈≈≈≈
#.##≈≈≈P..##≈# #.#.##♣♣P≈≈≈≈
#^#≈;$.P...#≈# #.....≈PP≈≈≈≈
#.#;%.P....#≈#####.##♣♣≈P≈≈≈
#.#≈;.....'#.#.###...♣≈≈≈P≈≈
##≈##≈?.≈..#@.#..##....≈♣≈≈≈≈
##≈##########≈##...#....P≈≈P♣≈
#≈##≈.?P. #≈≈#....#....♣≈≈≈≈≈
#.#;≈..≈. #≈##....#.###♣≈P≈≈≈
#.#;$≈P.. #≈#....##.# #≈♣P≈♣
#.#;≈(P≈. #.#....<..####♣≈≈≈≈
####'##≈!≈P.
..#.....#......♣≈♣≈
.##...######
.##.....#.#######♣≈
.....###..######........# #♣


You could see 2 electric eels.

Vanquished Creatures
  A sky beast (D:5)
  An ogre (D:4)
  A scorpion (D:3)
  A crimson imp (D:5)
  A howler monkey (D:4)
  A hound (D:5)
  A jelly (D:5)
  Crazy Yiuf (D:5)
  3 iguanas (D:4)
  2 worker ants
  A hound zombie (D:5)
  7 adders
  4 gnolls (D:5)
  2 shadow imps
  An ooze (D:3)
  An adder zombie (D:5)
  A worm (D:4)
  3 dart slugs (D:2)
  5 leopard geckos
  15 orcs
  5 bats
  3 giant cockroaches
  6 goblins
  10 hobgoblins
  4 jackals (D:5)
  A quokka (D:2)
  2 ball pythons
  6 frilled lizards
  A jackal skeleton (D:4)
  13 kobolds
  A quokka skeleton (D:4)
  8 rats
113 creatures vanquished.

Notes
Turn   | Place    | Note
-------+----------+-------------------------------------------
     0 | D:1      | empire the Minotaur Fighter began the quest for the Orb.
     0 | D:1      | Reached XP level 1. HP: 19/19 MP: 0/0
   147 | D:1      | Reached XP level 2. HP: 25/27 MP: 1/1
   387 | D:1      | Found a shimmering altar of Xom.
   389 | D:1      | Found a deep blue altar of Sif Muna.
   389 | D:1      | Found a glowing silver altar of Zin.
   391 | D:1      | Found an ancient bone altar of Kikubaaqudgha.
   391 | D:1      | Found an opulent altar of Gozag.
   391 | D:1      | Found a shadowy altar of Dithmenos.
   511 | D:2      | Reached XP level 3. HP: 33/33 MP: 2/2
   933 | D:2      | Found a glowing golden altar of the Shining One.
  1022 | D:2      | Reached XP level 4. HP: 40/41 MP: 3/3
  1249 | D:3      | Found a white marble altar of Elyvilon.
  1252 | D:3      | Found a snail-covered altar of Cheibriados.
  1252 | D:3      | Found a blossoming altar of Fedhas.
  1255 | D:3      | Found a stormy altar of Qazlal.
  1945 | D:3      | Reached XP level 5. HP: 38/47 MP: 4/4
  2057 | D:3      | Reached skill level 5 in Fighting
  2057 | D:3      | Reached skill level 1 in Polearms
  2097 | D:3      | Reached skill level 2 in Polearms
  2612 | D:4      | Reached skill level 3 in Polearms
  2623 | D:4      | Reached XP level 6. HP: 36/56 MP: 5/5
  2654 | D:4      | Reached skill level 4 in Polearms
  2912 | D:4      | Reached skill level 5 in Polearms
  3231 | D:5      | Entered Level 5 of the Dungeon
  3237 | D:5      | Reached skill level 6 in Polearms
  3243 | D:5      | Reached XP level 7. HP: 59/61 MP: 6/6
  3514 | D:5      | Reached skill level 5 in Shields
  3562 | D:5      | Found a runed door.
  3566 | D:5      | Noticed Crazy Yiuf
  3571 | D:5      | Killed Crazy Yiuf
  3669 | D:5      | Gained mutation: You can translocate small distances at will. [mutagenic meat]
  3670 | D:5      | Gained mutation: You have a pair of large horns on your head. [mutagenic meat]
  3683 | D:5      | Killed from afar by an electric eel

Skill      XL: |  1  2  3  4  5  6  7 |
---------------+----------------------+-----
Long Blades    | 3 4 |  4.4
Fighting       | 4 5 |  5.4
Shields        | 4 5 |  5.2
Armour         | 4 |  4.8
Polearms       | 3 6 |  6.5

Action                   |  1- 3 |  4- 6 |  7- 9 || total
-------------------------+-------+-------+-------++-------
Melee: Long sword        |    71 |    49 |       ||   120
       Headbutt          |    13 |    16 |     6 ||    35
       Trident           |       |    87 |    52 ||   139
  Use: Scroll            |       |       |    10 ||    10
  Eat: Chunk             |       |     8 |     3 ||    11
Armor: Scale mail        |    33 |    52 |    25 ||   110
Dodge: Dodged            |    32 |    51 |    11 ||    94
Block: Shield            |    41 |    81 |    15 ||   137
       Rpst.: Long sword |     7 |    11 |       ||    18
